| TOP OF THE 1ST |
|
Springfield Cardinals batting - Pitching for Biloxi Shuckers : RHP Mike Ellinwood
|
|
Pitching: RHP Mike Ellinwood
|
|
|
Batting: RHB Dave Cluster
|
0-0: DOUBLE (Groundball, 5L, EV 100.0 MPH)
|
|
Batting: RHB Klaas Meij
|
0-0: Called Strike 0-1: Ball 1-1: Foul Ball, location: 2F 1-2: Ground out 4-3 (Groundball, 4MS, EV 86.2 MPH) Dave Cluster to third
|
|
Batting: RHB Jason Keller
|
0-0: Ball 1-0: Called Strike 1-1: Called Strike 1-2: Fly out, F8 (Flyball, 8RXD, EV 101.9 MPH) Runner from 3rd tags up, SCORES, no throw by CF
|
|
Batting: RHB David Fernandez
|
0-0: Fly out, F8 (Flyball, 8LD, EV 95.6 MPH)
|
| Top of the 1st over - 1 run, 1 hit, 0 errors, 0 left on base; Springfield 1 - Biloxi 0 |
| BOTTOM OF THE 1ST |
|
Biloxi Shuckers batting - Pitching for Springfield Cardinals : LHP Pat Dantzler
|
|
Pitching: LHP Pat Dantzler
|
|
|
Batting: RHB Eric Sullivan
|
0-0: Ball 1-0: Foul Ball, location: 2F 1-1: Ground out 6-3 (Groundball, 6M, EV 86.2 MPH)
|
|
Batting: SHB Jamel Wright
|
0-0: Foul Ball, location: 2F 0-1: Ball 1-1: Swinging Strike 1-2: Ground out 1-3 (Groundball, 13, EV 60.6 MPH)
|
|
Batting: RHB Akitada Nishizawa
|
0-0: Called Strike 0-1: Ball 1-1: Called Strike 1-2: Ball 2-2: Fly out, F7 (Flyball, 7D, EV 91.2 MPH)
|
| Bottom of the 1st over - 0 runs, 0 hits, 0 errors, 0 left on base; Springfield 1 - Biloxi 0 |
| TOP OF THE 2ND |
|
Springfield Cardinals batting - Pitching for Biloxi Shuckers : RHP Mike Ellinwood
|
|
Batting: RHB Jorge Benites
|
0-0: Ball 1-0: Called Strike 1-1: Ball 2-1: Ground out 5-3 (Groundball, 56S, EV 75.6 MPH)
|
|
Batting: LHB Yeong-hun Joe
|
0-0: Called Strike 0-1: SINGLE (Groundball, 34D, EV 104.4 MPH)
|
|
Batting: RHB Daniel Samano
|
0-0: Ball Yeong-hun Joe is caught stealing 2nd base 2-4 1-0: SOLO HOME RUN (Flyball, 89XD, EV 105.0 MPH), Distance : 416 ft
|
|
Batting: RHB Javier Ochoa
|
0-0: Fly out, F8 (Flyball, 8RXD, EV 94.4 MPH)
|
| Top of the 2nd over - 1 run, 2 hits, 0 errors, 0 left on base; Springfield 2 - Biloxi 0 |
| BOTTOM OF THE 2ND |
|
Biloxi Shuckers batting - Pitching for Springfield Cardinals : LHP Pat Dantzler
|
|
Batting: RHB Tim Lively
|
0-0: Called Strike 0-1: Ball 1-1: SINGLE (Groundball, 34D, EV 95.6 MPH)
|
|
Batting: LHB Mike Staley
|
0-0: Ball 1-0: Ball 2-0: Foul Ball, location: 2F 2-1: Ball 3-1: SINGLE (Groundball, 34D, EV 100.6 MPH) (infield hit) Tim Lively to second
|
|
Batting: RHB Mike Ball
|
0-0: Called Strike 0-1: Called Strike 0-2: Ball 1-2: Foul Ball, location: 2F 1-2: Strikes out swinging
|
|
Batting: RHB Eddie McCoy
|
0-0: Called Strike 0-1: Called Strike 0-2: Fly out, F4 (Popup, 4D, EV 52.5 MPH)
|
|
Batting: RHB Joe LaDue
|
0-0: Ball 1-0: Ground out 4-3 (Groundball, 4MS, EV 73.8 MPH)
|
| Bottom of the 2nd over - 0 runs, 2 hits, 0 errors, 2 left on base; Springfield 2 - Biloxi 0 |
| TOP OF THE 3RD |
|
Springfield Cardinals batting - Pitching for Biloxi Shuckers : RHP Mike Ellinwood
|
|
Batting: SHB Josh Conner
|
0-0: Called Strike 0-1: Foul Ball, location: 2F 0-2: Strikes out swinging, 2-3 out at first.
|
|
Batting: RHB Dave Cluster
|
0-0: SINGLE (Line Drive, 6MD, EV 96.2 MPH)
|
|
Batting: RHB Klaas Meij
|
0-0: Ball Dave Cluster steals 2nd, throwing error, E2 Dave Cluster to third 1-0: Ball 2-0: Ball 3-0: Called Strike 3-1: Called Strike 3-2: Ground out 5-3 (Groundball, 56S, EV 65.6 MPH) Dave Cluster scores
|
|
Batting: RHB Jason Keller
|
0-0: Called Strike 0-1: Called Strike 0-2: Ball 1-2: Hit by Pitch
|
|
Batting: RHB David Fernandez
|
0-0: Ball Jason Keller steals 2nd base 1-0: Called Strike 1-1: Swinging Strike 1-2: Ball 2-2: Ball 3-2: Foul Ball, location: 2F 3-2: Ground out 2-3 (Groundball, 15S, EV 65.6 MPH)
|
| Top of the 3rd over - 1 run, 1 hit, 1 error, 1 left on base; Springfield 3 - Biloxi 0 |
| BOTTOM OF THE 3RD |
|
Biloxi Shuckers batting - Pitching for Springfield Cardinals : LHP Pat Dantzler
|
|
Batting: RHB Jamie Youngs
|
0-0: Ball 1-0: Foul Ball, location: 2F 1-1: Fly out, F8 (Flyball, 89S, EV 75.6 MPH)
|
|
Batting: RHB Eric Sullivan
|
0-0: Called Strike 0-1: Ball 1-1: Swinging Strike 1-2: Strikes out looking
|
|
Batting: SHB Jamel Wright
|
0-0: Ball 1-0: Ball 2-0: Called Strike 2-1: Fly out, F8 (Flyball, 78D, EV 101.2 MPH)
|
| Bottom of the 3rd over - 0 runs, 0 hits, 0 errors, 0 left on base; Springfield 3 - Biloxi 0 |
| TOP OF THE 4TH |
|
Springfield Cardinals batting - Pitching for Biloxi Shuckers : RHP Mike Ellinwood
|
|
Batting: RHB Jorge Benites
|
0-0: Called Strike 0-1: Ball 1-1: Ground out 5-3 (Groundball, 56, EV 85.0 MPH)
|
|
Batting: LHB Yeong-hun Joe
|
0-0: Ground out 6-3 (Groundball, 6M, EV 108.8 MPH)
|
|
Batting: RHB Daniel Samano
|
0-0: Swinging Strike 0-1: Ball 1-1: Foul Ball, location: 2F 1-2: Strikes out swinging
|
| Top of the 4th over - 0 runs, 0 hits, 0 errors, 0 left on base; Springfield 3 - Biloxi 0 |
| BOTTOM OF THE 4TH |
|
Biloxi Shuckers batting - Pitching for Springfield Cardinals : LHP Pat Dantzler
|
|
Batting: RHB Akitada Nishizawa
|
0-0: Foul Ball, location: 2F 0-1: Ball 1-1: Ball 2-1: Ball 3-1: Called Strike 3-2: Foul Ball, location: 2F 3-2: Ground out 6-3 (Groundball, 6MD, EV 84.4 MPH)
|
|
Batting: RHB Tim Lively
|
0-0: SINGLE (Flyball, 7S, EV 92.5 MPH)
|
|
Batting: LHB Mike Staley
|
0-0: Ball 1-0: Ball 2-0: Fly out, F7 (Line Drive, 7, EV 92.5 MPH)
|
|
Batting: RHB Mike Ball
|
0-0: Called Strike 0-1: Ball 1-1: Swinging Strike 1-2: Strikes out looking
|
| Bottom of the 4th over - 0 runs, 1 hit, 0 errors, 1 left on base; Springfield 3 - Biloxi 0 |
| TOP OF THE 5TH |
|
Springfield Cardinals batting - Pitching for Biloxi Shuckers : RHP Mike Ellinwood
|
|
Batting: RHB Javier Ochoa
|
0-0: Foul Ball, location: 2F 0-1: Ball 1-1: Foul Ball, location: 2F 1-2: Strikes out looking
|
|
Batting: SHB Josh Conner
|
0-0: Ball 1-0: Ball 2-0: Ball 3-0: Called Strike 3-1: Foul Ball, location: 2F 3-2: Base on Balls
|
|
Batting: RHB Dave Cluster
|
0-0: Foul Ball, location: 2F 0-1: Swinging Strike 0-2: Fielders Choice at 2nd, 5-4 (Groundball, 56, EV 82.5 MPH)
|
|
Batting: RHB Klaas Meij
|
0-0: Ball 1-0: Ball 2-0: Foul Ball, location: 2F 2-1: Ball Dave Cluster steals 2nd base 3-1: Ground out 4-3 (Groundball, 4M, EV 81.2 MPH)
|
| Top of the 5th over - 0 runs, 0 hits, 0 errors, 1 left on base; Springfield 3 - Biloxi 0 |
| BOTTOM OF THE 5TH |
|
Biloxi Shuckers batting - Pitching for Springfield Cardinals : LHP Pat Dantzler
|
|
Batting: RHB Eddie McCoy
|
0-0: Ball 1-0: Ball 2-0: Foul Ball, location: 2F 2-1: SINGLE (Groundball, 34D, EV 103.8 MPH)
|
|
Batting: RHB Joe LaDue
|
0-0: Called Strike 0-1: Swinging Strike 0-2: Ball 1-2: Foul Ball, location: 2F 1-2: Foul Ball, location: 2F 1-2: Fly out, F7 (Flyball, 7LM, EV 83.8 MPH)
|
|
Batting: RHB Jamie Youngs
|
0-0: Fly out, F4 (Line Drive, 4, EV 70.6 MPH)
|
|
Batting: RHB Eric Sullivan
|
0-0: DOUBLE (Flyball, 8RXD, EV 107.5 MPH) Eddie McCoy to third
|
|
Batting: SHB Jamel Wright
|
0-0: Ball Wild Pitch! Eddie McCoy scores Eric Sullivan to third 1-0: SINGLE (Flyball, 89S, EV 98.1 MPH) Eric Sullivan scores
|
|
Batting: RHB Akitada Nishizawa
|
0-0: Ball Jamel Wright steals 2nd base 1-0: SINGLE (Groundball, 56S, EV 74.4 MPH) (infield hit) Jamel Wright to third
|
|
Batting: RHB Tim Lively
|
Pickoff Throw to First - Out! 1-3
|
| Bottom of the 5th over - 2 runs, 4 hits, 0 errors, 1 left on base; Springfield 3 - Biloxi 2 |
| TOP OF THE 6TH |
|
Springfield Cardinals batting - Pitching for Biloxi Shuckers : RHP Mike Ellinwood
|
|
Batting: RHB Jason Keller
|
0-0: Called Strike 0-1: Fly out, F7 (Flyball, 78D, EV 101.2 MPH)
|
|
Batting: RHB David Fernandez
|
0-0: Called Strike 0-1: Ball 1-1: Ball 2-1: Ground out 5-3 (Groundball, 56S, EV 87.5 MPH)
|
|
Batting: RHB Jorge Benites
|
0-0: Ground out 5-3 (Groundball, 56, EV 76.2 MPH)
|
| Top of the 6th over - 0 runs, 0 hits, 0 errors, 0 left on base; Springfield 3 - Biloxi 2 |
| BOTTOM OF THE 6TH |
|
Biloxi Shuckers batting - Pitching for Springfield Cardinals : LHP Pat Dantzler
|
|
Batting: RHB Tim Lively
|
0-0: Ball 1-0: Ball 2-0: Called Strike 2-1: Swinging Strike 2-2: Foul Ball, location: 2F 2-2: Ball 3-2: SINGLE (Flyball, 78S, EV 86.9 MPH)
|
|
Batting: LHB Mike Staley
|
0-0: SINGLE (Line Drive, 9S, EV 101.9 MPH) Tim Lively to second
|
|
Batting: RHB Mike Ball
|
0-0: Ball 1-0: Ball 2-0: Ball 3-0: Called Strike 3-1: Swinging Strike 3-2: Strikes out swinging
|
|
Batting: RHB Eddie McCoy
|
0-0: SINGLE (Flyball, 6MD, EV 98.8 MPH) Tim Lively to third Mike Staley to second
|
|
Batting: RHB Joe LaDue
|
0-0: Foul Ball, location: 2F 0-1: Swinging Strike 0-2: Ball 1-2: Fly out, F9 (Line Drive, 89M, EV 93.8 MPH)
|
|
Batting: RHB Jamie Youngs
|
0-0: Ball 1-0: Ball 2-0: Swinging Strike 2-1: Foul Ball, location: 2F 2-2: Strikes out swinging
|
| Bottom of the 6th over - 0 runs, 3 hits, 0 errors, 3 left on base; Springfield 3 - Biloxi 2 |
| TOP OF THE 7TH |
|
Springfield Cardinals batting - Pitching for Biloxi Shuckers : RHP Mike Ellinwood
|
|
Batting: LHB Yeong-hun Joe
|
0-0: Called Strike 0-1: Ball 1-1: Ball 2-1: Fly out, F5 (Flyball, 5D, EV 88.1 MPH)
|
|
Batting: RHB Daniel Samano
|
0-0: Called Strike 0-1: Ground out 6-3 (Groundball, 6, EV 90.0 MPH)
|
|
Batting: RHB Javier Ochoa
|
0-0: Ball 1-0: SOLO HOME RUN (Flyball, 7LD, EV 101.2 MPH), Distance : 356 ft
|
|
Batting: SHB Josh Conner
|
0-0: Foul Ball, location: 2F 0-1: Swinging Strike 0-2: Ball 1-2: Strikes out swinging, 2-3 out at first.
|
| Top of the 7th over - 1 run, 1 hit, 0 errors, 0 left on base; Springfield 4 - Biloxi 2 |
| BOTTOM OF THE 7TH |
|
Biloxi Shuckers batting - Pitching for Springfield Cardinals : LHP Pat Dantzler
|
|
Batting: RHB Eric Sullivan
|
0-0: Ball 1-0: Called Strike 1-1: Ball 2-1: Foul Ball, location: 2F 2-2: SINGLE (Groundball, 56D, EV 101.9 MPH)
|
|
Pitching: RHP John Larimore
|
|
|
Batting: SHB Jamel Wright
|
0-0: Called Strike 0-1: Ball 1-1: Ball 2-1: Foul Ball, location: 2F 2-2: SINGLE (Line Drive, 34, EV 96.2 MPH) Eric Sullivan to second
|
|
Batting: RHB Akitada Nishizawa
|
0-0: Ball 1-0: Ball Eric Sullivan steals 3rd base 2-0: Ball 3-0: Base on Balls Jamel Wright to second
|
|
Batting: RHB Tim Lively
|
0-0: Ball 1-0: Hit by Pitch Eric Sullivan scores Jamel Wright to third Akitada Nishizawa to second
|
|
Batting: LHB Mike Staley
|
0-0: Foul Ball, location: 2F 0-1: Ball 1-1: Ball 2-1: Ball 3-1: Base on Balls Jamel Wright scores Akitada Nishizawa to third Tim Lively to second
|
|
Pinch Hitting: LHB Alan Bianchard
|
0-0: Ball 1-0: Ball 2-0: Grounds into fielders choice 4-2 (Groundball, 4, EV 85.0 MPH) Tim Lively to third Mike Staley to second
|
|
Batting: RHB Eddie McCoy
|
0-0: Ball 1-0: Foul Ball, location: 2F 1-1: Ball 2-1: Foul Ball, location: 2F 2-2: SINGLE (Groundball, 56, EV 93.8 MPH) Tim Lively scores Mike Staley to third Alan Bianchard to second
|
|
Batting: RHB Joe LaDue
|
0-0: Ball 1-0: Called Strike 1-1: Ball 2-1: Ball 3-1: Foul Ball, location: 2F 3-2: Fly out, F8 (Flyball, 89D, EV 77.5 MPH) Runner from 3rd tags up, SCORES, throw by CF Alan Bianchard to third
|
|
Batting: RHB Jamie Youngs
|
0-0: Fielders Choice at 2nd, 5-4 (Groundball, 5, EV 88.8 MPH)
|
| Bottom of the 7th over - 4 runs, 3 hits, 0 errors, 2 left on base; Springfield 4 - Biloxi 6 |
| TOP OF THE 8TH |
|
Springfield Cardinals batting - Pitching for Biloxi Shuckers : RHP Mike Ellinwood
|
|
Now at 3B: Matt Saunders
|
|
|
Batting: RHB Dave Cluster
|
0-0: Foul Ball, location: 2F 0-1: Foul Ball, location: 2F 0-2: Fly out, F7 (Flyball, 78S, EV 73.8 MPH)
|
|
Batting: RHB Klaas Meij
|
0-0: Called Strike 0-1: Fly out, F9 (Flyball, 89S, EV 80.6 MPH)
|
|
Batting: RHB Jason Keller
|
0-0: Foul Ball, location: 2F 0-1: Foul Ball, location: 2F 0-2: Strikes out swinging
|
| Top of the 8th over - 0 runs, 0 hits, 0 errors, 0 left on base; Springfield 4 - Biloxi 6 |
| BOTTOM OF THE 8TH |
|
Biloxi Shuckers batting - Pitching for Springfield Cardinals : RHP John Larimore
|
|
Pitching: RHP Jason Inman
|
|
|
Batting: RHB Eric Sullivan
|
0-0: Ball 1-0: Foul Ball, location: 2F 1-1: Called Strike 1-2: Ground out 6-3 (Groundball, 6S, EV 70.0 MPH)
|
|
Batting: SHB Jamel Wright
|
0-0: DOUBLE (Flyball, 89D, EV 113.8 MPH)
|
|
Batting: RHB Akitada Nishizawa
|
0-0: Intentional Walk
|
|
Batting: RHB Tim Lively
|
0-0: Ball Jamel Wright steals 3rd base (no throw) Akitada Nishizawa to second 1-0: Called Strike 1-1: Called Strike 1-2: SINGLE (Line Drive, 34D, EV 98.8 MPH) Jamel Wright scores Akitada Nishizawa to third Runner from 3rd tries for Home, SAFE, throw by RF to home
|
|
Batting: LHB Mike Staley
|
0-0: Foul Ball, location: 2F 0-1: SINGLE (Groundball, 4MD, EV 98.1 MPH) Tim Lively to second Runner from 2nd tries for 3rd, OUT! 8-5 Mike Staley to second
|
|
Batting: RHB Matt Saunders
|
0-0: Ball 1-0: Ball 2-0: Called Strike 2-1: Ball 3-1: Base on Balls
|
|
Batting: RHB Eddie McCoy
|
0-0: Ball 1-0: Ball Wild Pitch! Mike Staley to third Matt Saunders to second 2-0: Ball 3-0: Called Strike 3-1: Swinging Strike 3-2: Foul Ball, location: 2F 3-2: Base on Balls
|
|
Batting: RHB Joe LaDue
|
0-0: Ball 1-0: Foul Ball, location: 2F 1-1: Ground out 1-3 (Groundball, P, EV 70.0 MPH)
|
| Bottom of the 8th over - 2 runs, 3 hits, 0 errors, 3 left on base; Springfield 4 - Biloxi 8 |
| TOP OF THE 9TH |
|
Springfield Cardinals batting - Pitching for Biloxi Shuckers : RHP Mike Ellinwood
|
|
Batting: RHB David Fernandez
|
0-0: Foul Ball, location: 2F 0-1: Foul Ball, location: 2F 0-2: Strikes out swinging
|
|
Pitching: RHP Justin Gasper
|
|
|
Batting: RHB Jorge Benites
|
0-0: Foul Ball, location: 2F 0-1: Ground out 6-3 (Groundball, 6, EV 88.8 MPH)
|
|
Batting: LHB Yeong-hun Joe
|
0-0: Ball 1-0: Ball 2-0: Called Strike 2-1: Foul Ball, location: 2F 2-2: Foul Ball, location: 2F 2-2: Strikes out looking
|
| Top of the 9th over - 0 runs, 0 hits, 0 errors, 0 left on base; Springfield 4 - Biloxi 8 |
|